 Dungeon Sprint DCSS version 0.16-a0-4002-g2d13b8e (webtiles) character file.

704 PolkaDot the Unseen (level 7, -16/46 HPs)
             Began as a Vampire Enchanter on Feb 13, 2015.
             Was an Initiate of Makhleb.
             Killed by an exploding giant spore (31 damage)
             ... set off by themself
             ... in the Dungeon (Sprint I: "Red Sonja") on Feb 14, 2015.
             The game lasted 00:04:47 (374 turns).

PolkaDot the Unseen (Vampire Enchanter)              Turns: 374, Time: 00:04:47

Health: -16/46     AC:  4    Str:  7    XL:     7   Next: 39%
Magic:  12/12      EV: 12    Int: 19    God:    Makhleb [......]
Gold:   425        SH:  0    Dex: 14    Spells: 3 memorised, 4 levels left

rFire  + . .     SeeInvis +     k - +0 short sword (venom)
rCold  . . .     Clarity  .     g - +2 robe {rF+}
rNeg   + . .     SustAb   .     (no shield)
rPois  .         Gourm    .     (no helmet)
rElec  .         Spirit   .     (no cloak)
rCorr  .         Warding  .     (no gloves)
rMut   .         NoTele   +     (no boots)
MR     .....                    b - amulet of rage
Stlth  +++++++...               (no ring)
                                (no ring)

@: not resistant to hostile enchantments, extremely stealthy
A: bottle blood, fangs 3, see invisible, unbreathing
a: Bat Form, Renounce Religion, Evoke Berserk Rage


You were in the Dungeon.
You worshipped Makhleb.
Makhleb was noncommittal.
You were not thirsty.

You visited 1 branch You collected 425 gold pieces.

Inventory:

Hand weapons
 k - a +0 short sword of venom (weapon)
Armour
 g - a +2 robe of fire resistance (worn)
Jewellery
 b - an amulet of rage (around neck)
Scrolls
 j - a scroll of blinking
Potions
 d - a potion of blood {@*1}
 e - a potion of curing
 f - a potion of heal wounds
 h - 2 potions of magic
 i - a potion of brilliance {unknown}
Books
 c - a book of Maledictions

   Spells                             Type                      Level
   a - Corona                         Hexes                        1
   b - Sure Blade                     Hexes/Charms                 2
   c - Ensorcelled Hibernation        Hexes/Ice                    2
   d - Confuse                        Hexes                        3
   e - Dazzling Spray                 Conjuration/Hexes            3
   f - Enslavement                    Hexes                        4


   Skills:
 + Level 8.9 Short Blades
 - Level 2.1 Dodging
 * Level 16.9 Stealth
 - Level 2.0 Spellcasting
 + Level 12.1 Hexes


You had 4 spell levels left.
You knew the following spells:

 Your Spells              Type           Power        Failure   Level  Hunger
a - Corona                Hex            #####..      1%          1    #......
c - Confuse               Hex            #####...     1%          3    ###....
d - Ensorcelled Hibernat  Hex/Ice        ###...       1%          2    ###....


Dungeon Overview and Level Annotations

Branches:
Dungeon (1/1)

Altars:
Cheibriados
Dithmenos
Elyvilon
Fedhas
Gozag
Kikubaaqudgha
Makhleb
Nemelex Xobeh
Okawaru
Qazlal
Ru
Sif Muna
Trog
Vehumet
Xom
Yredelemnul
Zin
The Shining One
Jiyva

Shops:
D ?


Innate Abilities, Weirdness & Mutations

You can bottle blood from corpses.
You have razor-sharp teeth.
You have supernaturally acute eyesight.
You can survive without breathing.


Message History

You now have 425 gold pieces (gained 27).
Things that are here:
a +1 dagger; a blowgun; 4 curare-tipped needles You open the door. 2 giant spores come into view.
The giant spore waves its rhizomes.
Casting: Ensorcelled Hibernation
Confirm with . or Enter, or press ? or * to list all spells.
You don't know that spell.
You hit the giant spore.
The giant spore explodes!
The explosion of spores engulfs the giant spore.
The giant spore explodes!
A fungus suddenly grows. x2
The explosion of spores engulfs you!
Ouch! That really hurt!
* * * LOW HITPOINT WARNING * * *
The explosion of spores engulfs you!
Ouch! That really hurt!
You die...

#..#__####..##.#
#..#_..__##'#..+
#⌠⌠#_.∩...'..._#
####_..._##_.#'#
#_____###'#.#
#########.###
+...+ #.).#
##@## #'# !$!


PP($$ ####### You could see an active ballistomycete.

Vanquished Creatures
  Sonja (D)
  A slime creature (D)
  A yak (D)
  An ogre (D)
  Sigmund (D)
  A jelly (D)
  Ijyb (D)
7 creatures vanquished.

Vanquished Creatures (others)
  A gargoyle (D)
  A giant spore (D)
2 creatures vanquished.

Grand Total: 9 creatures vanquished

Notes
Turn   | Place    | Note
--------------------------------------------------------------
     0 | D        | PolkaDot, the Vampire Enchanter, began the quest for the Orb.
     0 | D        | Reached XP level 1. HP: 13/13 MP: 3/3
     2 | D        | Noticed Ijyb
    21 | D        | Killed Ijyb
    21 | D        | Reached skill level 7 in Stealth
    21 | D        | Reached skill level 5 in Hexes
    21 | D        | Reached XP level 2. HP: 13/19 MP: 1/4
   126 | D        | Learned a level 2 spell: Ensorcelled Hibernation
   127 | D        | Noticed an ogre
   129 | D        | Killed an ogre
   129 | D        | Reached skill level 10 in Stealth
   129 | D        | Reached XP level 3. HP: 24/24 MP: 6/6
   129 | D        | Reached XP level 4. HP: 30/30 MP: 7/7
   134 | D        | Learned a level 3 spell: Confuse
   145 | D        | Noticed Sigmund
   147 | D        | Killed Sigmund
   147 | D        | Reached skill level 5 in Short Blades
   147 | D        | Reached skill level 12 in Stealth
   147 | D        | Reached XP level 5. HP: 35/35 MP: 9/9
   176 | D        | Found a snail-covered altar of Cheibriados.
   176 | D        | Found a shadowy altar of Dithmenos.
   176 | D        | Noticed a slime creature
   177 | D        | Found a viscous altar of Jiyva.
   177 | D        | Found a blossoming altar of Fedhas.
   180 | D        | Killed a slime creature
   180 | D        | Reached skill level 14 in Stealth
   180 | D        | Reached skill level 10 in Hexes
   180 | D        | Reached XP level 6. HP: 41/41 MP: 7/10
   208 | D        | Found a deep blue altar of Sif Muna.
   209 | D        | Noticed a jelly
   210 | D        | Found a radiant altar of Vehumet.
   211 | D        | Killed a gargoyle
   214 | D        | Killed a jelly
   248 | D        | Found Ajad's Magic Scroll Emporium.
   248 | D        | Found a white marble altar of Elyvilon.
   248 | D        | Found a burning altar of Makhleb.
   248 | D        | Found a sacrificial altar of Ru.
   248 | D        | Found a glowing golden altar of the Shining One.
   248 | D        | Found an opulent altar of Gozag.
   248 | D        | Found a glowing silver altar of Zin.
   248 | D        | Noticed a yak
   249 | D        | Found a stormy altar of Qazlal.
   249 | D        | Found a basalt altar of Yredelemnul.
   249 | D        | Found an iron altar of Okawaru.
   249 | D        | Found a sparkling altar of Nemelex Xobeh.
   249 | D        | Found a shimmering altar of Xom.
   249 | D        | Found an ancient bone altar of Kikubaaqudgha.
   251 | D        | Killed a yak
   251 | D        | Reached skill level 15 in Stealth
   335 | D        | Found a bloodstained altar of Trog.
   349 | D        | Became a worshipper of Makhleb the Destroyer
   353 | D        | Noticed Sonja
   357 | D        | Killed Sonja
   357 | D        | Reached skill level 16 in Stealth
   357 | D        | Reached XP level 7. HP: 46/46 MP: 12/12
   374 | D        | Killed by an exploding giant spore... set off by themself

Action                   |  1- 3 |  4- 6 |  7- 9 || total
-------------------------+-------+-------+-------++-------
Melee: Dagger            |    16 |     5 |       ||    21
       Short sword       |       |       |     1 ||     1
 Cast: Corona            |     2 |       |       ||     2
       Ensorcelled Hiber |       |     2 |       ||     2
  Use: Potion            |     1 |       |       ||     1
 Stab: Sleeping          |     1 |     5 |       ||     6
